 Dungeon Crawl Stone Soup version 0.22.0 (webtiles) character file.

242 sw3dish the Chopper (level 6, -2/57 HPs)
             Began as a Hill Orc Monk on Aug 11, 2018.
             Was a Believer of Makhleb.
             Slain by an iguana (9 damage)
             ... on level 4 of the Dungeon.
             The game lasted 00:07:11 (3616 turns).

sw3dish the Chopper (Hill Orc Monk)                 Turns: 3616, Time: 00:07:11

Health: -2/57      AC:  8    Str: 16    XL:     6   Next: 9%
Magic:  6/6        EV:  7    Int: 10    God:    Makhleb [**....]
Gold:   178        SH:  0    Dex: 13    Spells: 5/5 levels left

rFire    . . .     SeeInvis .   a - +0 hand axe
rCold    . . .     Gourm    .   (no shield)
rNeg     . . .     Faith    .   m - +0 chain mail
rPois    .         Spirit   .   (no helmet)
rElec    .         Reflect  .   (no cloak)
rCorr    .         Harm     .   (no gloves)
MR       +....                  (no boots)
Stlth    ..........             (no amulet)
HPRegen  0.19/turn              e - ring of protection from magic
MPRegen  0.10/turn              (no ring)

@: no status effects
A: no striking features
a: Minor Destruction, Renounce Religion


You were on level 4 of the Dungeon.
You worshipped Makhleb.
Makhleb was pleased with you.
You were not hungry.

You visited 2 branches of the dungeon, and saw 5 of its levels.

You collected 178 gold pieces.

Inventory:

Hand Weapons
 a - a +0 hand axe (weapon)
Armour
 m - a +0 chain mail (worn)
Jewellery
 e - a ring of protection from magic (left hand)
Scrolls
 b - 2 scrolls of identify
 f - a scroll of random uselessness {unknown}
 g - a scroll of fog {unknown}
 j - 2 scrolls of teleportation
 k - 3 scrolls of remove curse
 l - 3 scrolls of enchant armour {unknown}
Potions
 d - a potion of invisibility {unknown}
 h - 2 potions of flight
 i - a potion of lignification {unknown}
 n - 3 potions of heal wounds {unknown}
 o - a potion of haste
Comestibles
 c - 7 rations


   Skills:
 * Level 5.7 Fighting
 * Level 6.3 Axes
 + Level 2.5 Armour
 - Level 2.4 Dodging
 - Level 1.5 Stealth


You had 5 spell levels left.
You didn't know any spells.
Your spell library was empty.

Dungeon Overview and Level Annotations

Branches:
Dungeon (4/15)             Temple (1/1) D:4

Altars:
Cheibriados
Dithmenos
Elyvilon
Fedhas
Hepliaklqana
Kikubaaqudgha
Makhleb
Sif Muna
Trog
Uskayaw
Vehumet
Wu Jian
Xom
Yredelemnul
Zin
The Shining One


Message History

The iguana is heavily wounded.
The iguana bites you but does no damage.
Your chain mail prevents you from hitting the iguana.
The iguana is heavily wounded.
The iguana bites you!
You are too injured to fight recklessly!
You are too injured to fight recklessly!
You are too injured to fight recklessly!
You hit the iguana but do no damage.
The iguana is heavily wounded.
The iguana bites you!
* * * LOW HITPOINT WARNING * * *
Your chain mail prevents you from hitting the iguana.
The iguana is heavily wounded.
The iguana bites you!
* * * LOW HITPOINT WARNING * * *
You hit the iguana.
The iguana is severely wounded.
The iguana bites you!
You die...

###### #.... #...O.
. #..<. #.#### #.
#...# ##.##.#### ..
...# #........O
#.##.(## #..##.####
.....# .... ...#
#.l.####.#..##.....
#.@............####
##....##...# ###
##.#.##...##
#..#....... ###.###
#.# #.# #.# #.#
#########


You could see an iguana.

Vanquished Creatures
  A bullfrog skeleton (D:4)
  An orc wizard (D:3)
  Robin (D:3)
  6 adders
  An adder skeleton (D:4)
  3 worms (D:2)
  4 dart slugs
  4 orcs
  2 giant cockroaches (D:1)
  17 goblins
  10 hobgoblins
  7 jackals
  12 kobolds
  3 quokkas
  6 bats
  7 frilled lizards
  8 rats
93 creatures vanquished.

Notes
Turn   | Place    | Note
-------+----------+-------------------------------------------
     0 | D:1      | sw3dish the Hill Orc Monk began the quest for the Orb.
     0 | D:1      | Reached XP level 1. HP: 19/19 MP: 1/1
   157 | D:1      | Reached XP level 2. HP: 24/27 MP: 2/2
   486 | D:1      | Reached skill level 1 in Armour
   558 | D:1      | Reached XP level 3. HP: 25/33 MP: 3/3
  1195 | D:2      | Reached skill level 5 in Axes
  1312 | D:2      | Reached XP level 4. HP: 40/41 MP: 4/4
  2054 | D:3      | Noticed Robin
  2071 | D:2      | Reached skill level 5 in Fighting
  2129 | D:3      | Killed Robin
  2144 | D:3      | Reached XP level 5. HP: 6/48 MP: 5/5
  3009 | D:4      | Noticed an ogre
  3082 | D:4      | Found a staircase to the Ecumenical Temple.
  3097 | Temple   | Entered the Ecumenical Temple
  3191 | Temple   | Became a worshipper of Makhleb the Destroyer
  3191 | Temple   | Reached * piety under Makhleb
  3191 | Temple   | Reached ** piety under Makhleb
  3289 | D:4      | Reached skill level 6 in Axes
  3294 | D:4      | Found a snail-covered altar of Cheibriados.
  3295 | D:4      | Found a hide-covered altar of Uskayaw.
  3341 | D:4      | Reached XP level 6. HP: 57/57 MP: 6/6
  3616 | D:4      | Slain by an iguana

Skill      XL: |  1  2  3  4  5 |
---------------+----------------+-----
Fighting       | 4 5 |  5.7
Armour         | 1 2 |  2.5
Axes           | 5 6 |  6.3
Dodging        | |  2.4
Stealth        | |  1.5

Action                   |  1- 3 |  4- 6 || total
-------------------------+-------+-------++-------
Melee: Hand axe          |   134 |   227 ||   361
  Use: Scroll            |       |     4 ||     4
       Potion            |       |     1 ||     1
 Stab: Sleeping          |     4 |       ||     4
  Eat: Chunk             |     1 |     8 ||     9
Armor: Robe              |    21 |     4 ||    25
       Chain mail        |       |   150 ||   150
Dodge: Dodged            |    79 |   100 ||   179
